[Event "EYCC 2017"]
[Site "Mamaia"]
[Date "2017.09.07"]
[Round "3"]
[White "Jakab, Kincso"]
[Black "Balajayeva, Khanim"]
[Result "1/2-1/2"]
[ECO "D00"]
[WhiteElo "1944"]
[BlackElo "2342"]
[Annotator "NA"]
[PlyCount "56"]
[EventDate "2017.??.??"]
[EventType "swiss"]
[EventCountry "ROU"]
[SourceTitle "playchess.com"]
[Source "ChessBase"]
[SourceQuality "1"]
[TimeControl "40/5400+30:1800+30"]

1. d4 d5 2. Bf4 e6 3. e3 c5 4. c3 Nc6 5. Nf3 Nf6 6. Nbd2 Bd6 7. Bg3 Bxg3 8. hxg3 Qd6 9. Bb5 Bd7 10. Bxc6 Bxc6 11. Ne5 h6 12. g4 Nd7 13. Ndf3 f6 14. Nxd7 Bxd7 15. g5 O-O-O 16. gxf6 gxf6 17. dxc5 Qxc5 18. Qd4 Qxd4 19. cxd4 Be8 20. Rh4 Bg6 21. Ke2 h5 22. Rf4 Rhf8 23. Rh1 Kd7 24. Nh4 Bh7 25. Nf3 Bg6 26. Nh4 Bh7 27. Nf3 Bg6 28. Nh4 Bh7 1/2-1/2

[Event "EYCC 2017"]
[Site "Mamaia"]
[Date "2017.09.07"]
[Round "3"]
[White "Rozen, Eytan"]
[Black "Tsvetkov, Andrey"]
[Result "1/2-1/2"]
[ECO "B22"]
[WhiteElo "1932"]
[BlackElo "2219"]
[Annotator "NA"]
[PlyCount "60"]
[EventDate "2017.??.??"]
[EventType "swiss"]
[EventCountry "ROU"]
[SourceTitle "playchess.com"]
[Source "ChessBase"]
[SourceQuality "1"]
[TimeControl "40/5400+30:1800+30"]

1. e4 c5 2. c3 d5 3. exd5 Qxd5 4. d4 Nf6 5. Nf3 Bg4 6. Be2 e6 7. O-O Nc6 8. Be3 cxd4 9. Nxd4 Bxe2 10. Qxe2 Nxd4 11. Bxd4 Be7 12. Rd1 Qc6 13. Nd2 O-O 14. a4 a6 15. Qc4 Rac8 16. Qxc6 Rxc6 17. Nb3 Rd8 18. Na5 Rc7 19. Bb6 Rxd1+ 20. Rxd1 Rd7 21. Rxd7 Nxd7 22. Be3 b6 23. Nc6 Bd6 24. b4 e5 25. c4 f6 26. Bd2 Nb8 27. Nxb8 Bxb8 28. Be3 Bd6 29. b5 axb5 30. axb5 Bc7 1/2-1/2

[Event "EYCC 2017"]
[Site "Mamaia"]
[Date "2017.09.07"]
[Round "3"]
[White "Petkov, Momchil"]
[Black "Oglaza, Oskar"]
[Result "1/2-1/2"]
[ECO "A48"]
[WhiteElo "1920"]
[BlackElo "2198"]
[Annotator "NA"]
[PlyCount "117"]
[EventDate "2017.??.??"]
[EventType "swiss"]
[EventCountry "ROU"]
[SourceTitle "playchess.com"]
[Source "ChessBase"]
[SourceQuality "1"]
[TimeControl "40/5400+30:1800+30"]

1. d4 Nf6 2. Nf3 g6 3. Bf4 Bg7 4. e3 O-O 5. Nbd2 d6 6. h3 c5 7. c3 Nc6 8. Be2 cxd4 9. exd4 e5 10. dxe5 dxe5 11. Nxe5 Nd5 12. Nxc6 bxc6 13. Bg3 Re8 14. O-O Bxc3 15. Nc4 Bxb2 16. Nxb2 Nc3 17. Qxd8 Nxe2+ 18. Kh2 Rxd8 19. Be5 Rd5 20. f4 Ba6 21. Rad1 Rad8 22. Rfe1 c5 23. Rxd5 Rxd5 24. Rd1 Rxd1 25. Nxd1 Bc4 26. a3 Bb3 27. Nc3 Nxc3 28. Bxc3 Kf8 29. Kg3 Ke7 30. Kf2 Kd6 31. Ke3 Kd5 32. g3 Kc4 33. Bf6 Ba4 34. Be7 Kd5 35. Bf8 Bb5 36. Be7 Bf1 37. h4 h5 38. Bf8 Bh3 39. Be7 Bf5 40. Bf8 a5 41. Be7 Kc4 42. Bf8 Kb5 43. Kd2 c4 44. Kc3 Bd3 45. Kd4 Kc6 46. Be7 Kd7 47. Bc5 Ke6 48. Bb6 a4 49. Ba5 Kf5 50. Ke3 Kg4 51. Kf2 Kf5 52. Ke3 f6 53. Bc3 g5 54. fxg5 fxg5 55. hxg5 Kxg5 56. Be5 Kg4 57. Kd4 Kf5 58. Bc7 Ke6 59. Bb8 {[%emt 0:00:05] Kd5+} 1/2-1/2

[Event "EYCC 2017"]
[Site "Mamaia"]
[Date "2017.09.07"]
[Round "3"]
[White "Lehaci, Miruna-Daria"]
[Black "Beydullayeva, Govhar"]
[Result "1/2-1/2"]
[ECO "B24"]
[WhiteElo "1914"]
[BlackElo "2164"]
[Annotator "ChessBase"]
[PlyCount "135"]
[EventDate "2017.??.??"]
[EventType "swiss"]
[EventCountry "ROU"]
[SourceTitle "playchess.com"]
[Source "ChessBase"]
[SourceQuality "1"]
[TimeControl "40/5400+30:1800+30"]

1. e4 c5 2. Nc3 Nc6 3. Bb5 Nd4 4. Bc4 e6 5. Nge2 a6 6. d3 b5 7. Bb3 Nxb3 8. axb3 Bb7 9. e5 Bxg2 10. Rg1 Bb7 11. Ne4 Bxe4 12. dxe4 Qc7 13. Bf4 Ne7 14. Qd6 Qc8 15. Qd2 Nc6 16. c4 Qb7 17. f3 bxc4 18. bxc4 Qb4 19. Qc3 g6 20. Bd2 Qxc3 21. Bxc3 Be7 22. Kf2 O-O 23. Rgd1 Ra7 24. Rd2 f6 25. Rad1 fxe5 26. Rxd7 Rxd7 27. Rxd7 Bh4+ 28. Kg2 Nd4 29. Ng1 Bg5 30. Ra7 Be3 31. Rxa6 Bxg1 32. Kxg1 Rxf3 33. Bxd4 exd4 34. Rxe6 Rb3 35. Re5 Rxb2 36. Rxc5 d3 37. Rd5 d2 38. Kf1 Rc2 39. c5 Rxc5 40. Rxd2 Re5 41. Rd4 Kg7 42. Kf2 Kf6 43. Kf3 Rh5 44. Kg3 Ra5 45. Kf4 Ra2 46. h4 Rf2+ 47. Kg3 Rf1 48. Rd5 h5 49. Rg5 Rh1 50. e5+ Kf7 51. e6+ Kf6 52. Re5 Ke7 53. Rg5 Rg1+ 54. Kf4 Rf1+ 55. Kg3 Rf6 56. Re5 Rf1 57. Rg5 Ra1 58. Kf4 Kf6 59. Re5 Rf1+ 60. Kg3 Ke7 61. Rg5 Rf6 62. Re5 Rf5 63. Re1 Ra5 64. Kf4 Ra4+ 65. Re4 Ra3 66. Kg5 Rg3+ 67. Kh6 Rg4 68. Re5 1/2-1/2

[Event "EYCC 2017"]
[Site "Mamaia"]
[Date "2017.09.07"]
[Round "3"]
[White "Valtemara, Mattia Angelo"]
[Black "Gombocz, Ferenc Jr"]
[Result "1/2-1/2"]
[ECO "C42"]
[WhiteElo "1910"]
[BlackElo "2106"]
[Annotator "NA"]
[PlyCount "115"]
[EventDate "2017.??.??"]
[EventType "swiss"]
[EventCountry "ROU"]
[SourceTitle "playchess.com"]
[Source "ChessBase"]
[SourceQuality "1"]
[TimeControl "40/5400+30:1800+30"]

1. e4 e5 2. Nf3 Nf6 3. Nxe5 d6 4. Nf3 Nxe4 5. Nc3 Nf6 6. d4 Be7 7. Be2 O-O 8. O-O Re8 9. Re1 Nbd7 10. h3 b6 11. Bf4 Bb7 12. Nh2 Nf8 13. Bf3 d5 14. Ne2 Ne6 15. Be3 Ne4 16. Ng3 Nxg3 17. fxg3 Bd6 18. Nf1 Qf6 19. c3 Ng5 20. Bxg5 Qxg5 21. Kf2 c6 22. Qc1 Qg6 23. Qd2 Ba6 24. Be2 Bxe2 25. Rxe2 Rxe2+ 26. Qxe2 Kf8 27. Re1 f6 28. Qe6 Rd8 29. Re2 Qf7 30. Qxf7+ Kxf7 31. g4 Re8 32. Rxe8 Kxe8 33. Ne3 g6 34. b3 Ke7 35. Kf3 Ke6 36. c4 Bb4 37. cxd5+ cxd5 38. Ke2 Bd6 39. Kf3 Ba3 40. Nc2 Bc1 41. Nb4 Kd6 42. Nd3 Bd2 43. Ke2 Bc3 44. Ke3 g5 45. Nf2 Kc6 46. Kd3 Be1 47. Nd1 a6 48. Ne3 Bg3 49. Nf5 Bc7 50. Kc3 Bd8 51. a3 Bc7 52. a4 Kd7 53. b4 b5 54. a5 Bf4 55. Nh6 Bg3 56. Nf5 Be1+ 57. Kb3 Bf2 58. Kc3 1/2-1/2

[Event "EYCC 2017"]
[Site "Mamaia"]
[Date "2017.09.07"]
[Round "3"]
[White "Radojicic, Aleksandar M"]
[Black "Kharitonov, Egor"]
[Result "1/2-1/2"]
[ECO "D30"]
[WhiteElo "1909"]
[BlackElo "2387"]
[Annotator "NA"]
[PlyCount "35"]
[EventDate "2017.??.??"]
[EventType "swiss"]
[EventCountry "ROU"]
[SourceTitle "playchess.com"]
[Source "ChessBase"]
[SourceQuality "1"]
[TimeControl "40/5400+30:1800+30"]

1. d4 d5 2. c4 e6 3. cxd5 exd5 4. Nc3 c6 5. Nf3 Bf5 6. a3 Bd6 7. Bg5 f6 8. Bh4 Ne7 9. e3 O-O 10. Bd3 Nd7 11. Bg3 Bxg3 12. hxg3 Re8 13. b4 a6 14. Nh4 Bxd3 15. Qxd3 Nf8 16. Na4 Nc8 17. Nc5 Nd6 18. Nf5 1/2-1/2

[Event "EYCC 2017"]
[Site "Mamaia"]
[Date "2017.09.07"]
[Round "3"]
[White "Dwilewicz, Katarzyna"]
[Black "Korchagina, Alena"]
[Result "1/2-1/2"]
[ECO "B41"]
[WhiteElo "1884"]
[BlackElo "2158"]
[Annotator "NA"]
[PlyCount "95"]
[EventDate "2017.??.??"]
[EventType "swiss"]
[EventCountry "ROU"]
[SourceTitle "playchess.com"]
[Source "ChessBase"]
[SourceQuality "1"]
[TimeControl "40/5400+30:1800+30"]

1. e4 c5 2. Nf3 e6 3. d4 cxd4 4. Nxd4 a6 5. c4 Nf6 6. Nc3 Qc7 7. Be3 Be7 8. Be2 O-O 9. O-O b6 10. f4 d6 11. Rc1 Bb7 12. Bf3 Re8 13. b4 Nbd7 14. Nd5 exd5 15. cxd5 Nc5 16. bxc5 bxc5 17. Qd3 Bf8 18. Nf5 Qd8 19. Rfe1 g6 20. Ng3 Bc8 21. h3 Bd7 22. Bd2 Bb5 23. Qc2 a5 24. Bc3 Nd7 25. Ba1 Rb8 26. a4 Ba6 27. Qc3 f6 28. Bg4 Bg7 29. Be6+ Kh8 30. e5 fxe5 31. Ne4 Qe7 32. Qxa5 Bd3 33. Ng5 h6 34. Nf7+ Kh7 35. Qc7 Nf8 36. Qxd6 Nxe6 37. Qxe7 Rxe7 38. dxe6 exf4 39. Rxc5 Bxa1 40. Rxa1 Kg7 41. Ne5 Rb1+ 42. Rxb1 Bxb1 43. Rc6 Ra7 44. Rc4 Ba2 45. Rxf4 Bxe6 46. Nd3 Ra5 47. Kf2 Bb3 48. Nb2 1/2-1/2

[Event "EYCC 2017"]
[Site "Mamaia"]
[Date "2017.09.07"]
[Round "3"]
[White "Biletskiy, Danylo"]
[Black "Creanga, Robert-Ionut"]
[Result "1-0"]
[ECO "A37"]
[WhiteElo "1866"]
[BlackElo "2062"]
[Annotator "NA"]
[PlyCount "101"]
[EventDate "2017.??.??"]
[EventType "swiss"]
[EventCountry "ROU"]
[SourceTitle "playchess.com"]
[Source "ChessBase"]
[SourceQuality "1"]
[TimeControl "40/5400+30:1800+30"]

1. Nf3 c5 2. c4 Nc6 3. g3 g6 4. Bg2 Bg7 5. Nc3 e6 6. d3 Nge7 7. Bg5 h6 8. Bd2 d5 9. Qc1 b6 10. Rb1 Bb7 11. O-O Rc8 12. a3 Qd7 13. b4 Nd4 14. bxc5 Nxf3+ 15. Bxf3 Rxc5 16. Nb5 Nc8 17. Bb4 Rc6 18. a4 a6 19. Na3 Rc7 20. Qd1 a5 21. Bd2 Bc6 22. Nb5 Bxb5 23. Rxb5 dxc4 24. dxc4 Bd4 25. e3 Bc5 26. Bc3 Qxd1 27. Rxd1 Rg8 28. Be5 Ra7 29. Bb8 Re7 30. Bc6+ Kf8 31. Be5 f6 32. Bxf6 Rc7 33. Bd7 Kf7 34. Be5 Nd6 35. Rxc5 Rxc5 36. Bxd6 Rxc4 37. Bb5 Rcc8 38. Bf4 Kf6 39. e4 g5 40. Be3 Rb8 41. Rd6 Rgd8 42. Rxd8 Rxd8 43. Bxb6 Ra8 44. f3 Ke5 45. Kf2 Kd6 46. Ke3 e5 47. f4 gxf4+ 48. gxf4 exf4+ 49. Kxf4 Rf8+ 50. Ke3 Ra8 51. Kd4 1-0

[Event "EYCC 2017"]
[Site "Mamaia"]
[Date "2017.09.07"]
[Round "3"]
[White "Trifoi, Mihaela-Ioana"]
[Black "Yakimova, Mariya"]
[Result "1/2-1/2"]
[ECO "B50"]
[WhiteElo "1864"]
[BlackElo "1736"]
[Annotator "NA"]
[PlyCount "102"]
[EventDate "2017.??.??"]
[EventType "swiss"]
[EventCountry "ROU"]
[SourceTitle "playchess.com"]
[Source "ChessBase"]
[SourceQuality "1"]
[TimeControl "40/5400+30:1800+30"]

1. e4 c5 2. Nf3 d6 3. c3 Nf6 4. h3 g6 5. Bd3 Bg7 6. Bc2 O-O 7. O-O Nc6 8. d4 cxd4 9. cxd4 e5 10. Nc3 exd4 11. Nxd4 Nxd4 12. Qxd4 Be6 13. Qb4 Qc7 14. Bf4 Rfd8 15. Rac1 Qc5 16. Qxc5 dxc5 17. Rfd1 Rxd1+ 18. Rxd1 Nh5 19. Be3 Bxc3 20. bxc3 Bxa2 21. Bxc5 Bc4 22. Rd7 b6 23. Bd4 Nf4 24. Kh2 Bb5 25. Re7 Ne6 26. Bf6 Bc4 27. Rb7 Nc5 28. Rc7 a5 29. Rc6 a4 30. Bxa4 Bd3 31. Bd1 Bxe4 32. Rxb6 Nd7 33. Rd6 Nxf6 34. Rxf6 Kg7 35. Rf4 f5 36. Bf3 Bxf3 37. Rxf3 Ra4 38. Re3 Kf6 39. g3 f4 40. gxf4 Rxf4 41. Kg3 Rc4 42. Kf3 h5 43. Ke2 g5 44. Rf3+ Ke5 45. Kd3 Ra4 46. Rg3 Kf4 47. c4 Ra2 48. Rg2 g4 49. hxg4 hxg4 50. Kd4 Kf3 51. Rg3+ Kf4 {[%emt 0:00:08] Ke4+ Ke5+} 1/2-1/2

[Event "EYCC 2017"]
[Site "Mamaia"]
[Date "2017.09.07"]
[Round "3"]
[White "Esadze, Tamari"]
[Black "Rzali, Sabina"]
[Result "1-0"]
[ECO "C07"]
[WhiteElo "1863"]
[BlackElo "1792"]
[Annotator "NA"]
[PlyCount "75"]
[EventDate "2017.??.??"]
[EventType "swiss"]
[EventCountry "ROU"]
[SourceTitle "playchess.com"]
[Source "ChessBase"]
[SourceQuality "1"]
[TimeControl "40/5400+30:1800+30"]

1. e4 e6 2. d4 d5 3. Nd2 c5 4. exd5 Qxd5 5. Ngf3 cxd4 6. Bc4 Qd6 7. O-O Nf6 8. Nb3 Nc6 9. Nbxd4 Nxd4 10. Nxd4 a6 11. Re1 Be7 12. c3 O-O 13. Qf3 Qc7 14. Bb3 Bd6 15. h3 e5 16. Nc2 Bd7 17. Bg5 Bc6 18. Qf5 Nd7 19. Ne3 g6 20. Qg4 h5 21. Qh4 Kg7 22. Nf5+ Kh7 23. Nxd6 Qxd6 24. Be7 Qb8 25. Bxf8 Qxf8 26. Rad1 Re8 27. Bd5 Bxd5 28. Rxd5 Re7 29. Red1 Qe8 30. Qb4 b5 31. Rd6 f5 32. Rxa6 Nf8 33. Ra8 Qf7 34. Rxf8 Qxf8 35. Rd7 Kh6 36. Qxe7 Qg8 37. h4 g5 38. Qf6+ 1-0

[Event "EYCC 2017"]
[Site "Mamaia"]
[Date "2017.09.07"]
[Round "3"]
[White "Posuniak, Weronika"]
[Black "Sieber, Fiona"]
[Result "1-0"]
[ECO "E32"]
[WhiteElo "1856"]
[BlackElo "2248"]
[Annotator "NA"]
[PlyCount "73"]
[EventDate "2017.??.??"]
[EventType "swiss"]
[EventCountry "ROU"]
[SourceTitle "playchess.com"]
[Source "ChessBase"]
[SourceQuality "1"]
[TimeControl "40/5400+30:1800+30"]

1. d4 Nf6 2. c4 e6 3. Nc3 Bb4 4. Qc2 O-O 5. a3 Bxc3+ 6. Qxc3 b5 7. cxb5 a6 8. b6 cxb6 9. Bg5 Bb7 10. Rc1 h6 11. Bh4 Nc6 12. e3 Rc8 13. Qd2 Qe7 14. Nf3 Na5 15. Rxc8 Rxc8 16. Be2 Nb3 17. Qd3 Nc1 18. Qd2 Be4 19. Bd1 g5 20. Nxg5 hxg5 21. Bxg5 Nd3+ 22. Ke2 Bg6 23. f3 e5 24. e4 Nc1+ 25. Kf2 Bxe4 26. Bxf6 Qxf6 27. dxe5 Qf5 28. g4 Qxe5 29. fxe4 Rc6 30. Kg2 Nb3 31. Bxb3 Qxe4+ 32. Kg1 Kf8 33. Qb4+ Qxb4 34. axb4 a5 35. bxa5 bxa5 36. Ba4 Rb6 37. b3 1-0

[Event "EYCC 2017"]
[Site "Mamaia"]
[Date "2017.09.07"]
[Round "3"]
[White "Pawicka, Magdalena"]
[Black "von Beckh, Frieda"]
[Result "1-0"]
[ECO "B01"]
[WhiteElo "1826"]
[BlackElo "1368"]
[Annotator "NA"]
[PlyCount "129"]
[EventDate "2017.??.??"]
[EventType "swiss"]
[EventCountry "ROU"]
[SourceTitle "playchess.com"]
[Source "ChessBase"]
[SourceQuality "1"]
[TimeControl "40/5400+30:1800+30"]

1. e4 d5 2. exd5 Nf6 3. Bb5+ Bd7 4. Be2 Bf5 5. d4 Nxd5 6. Nf3 e6 7. O-O Be7 8. a3 O-O 9. c4 Nb6 10. Nc3 Nc6 11. Be3 Bf6 12. Rc1 Qe7 13. Qb3 Rad8 14. Rfd1 a6 15. Rd2 Na5 16. Qa2 Bg4 17. Ne4 Rd7 18. Nxf6+ Qxf6 19. Ne5 Bxe2 20. Nxd7 Nxd7 21. Rxe2 Nb6 22. b4 Naxc4 23. Rxc4 Nxc4 24. Qxc4 c6 25. Re1 Rd8 26. Qc5 Rd5 27. Qa7 Qe7 28. Rc1 h6 29. Rxc6 Qd7 30. Rc1 e5 31. Qb8+ Kh7 32. Qc8 Qd6 33. Qf5+ Qg6 34. Qxg6+ Kxg6 35. dxe5 Rxe5 36. Kf1 Rd5 37. Ke2 Kf5 38. Rc5 Ke6 39. Rxd5 Kxd5 40. Kd3 b5 41. Bd4 g6 42. Bg7 h5 43. Bf6 Ke6 44. Bh4 Ke5 45. Bg3+ Kd5 46. f4 f5 47. Bh4 Ke6 48. Kd4 Kd6 49. Bf6 Ke6 50. Be5 Kd7 51. Kc5 Ke6 52. Kb6 Kd7 53. Kxa6 Kc6 54. Bf6 Kc7 55. Kxb5 Kb7 56. a4 Ka7 57. a5 Kb7 58. Kc5 Ka6 59. b5+ Ka7 60. b6+ Kb7 61. Kb5 Kb8 62. a6 Ka8 63. b7+ Kb8 64. Be5+ Ka7 65. b8=Q# 1-0

[Event "EYCC 2017"]
[Site "Mamaia"]
[Date "2017.09.07"]
[Round "3"]
[White "Pidluznij, Gleb"]
[Black "Ivanov, Svetlen"]
[Result "1/2-1/2"]
[ECO "B22"]
[WhiteElo "1824"]
[BlackElo "1638"]
[Annotator "NA"]
[PlyCount "92"]
[EventDate "2017.??.??"]
[EventType "swiss"]
[EventCountry "ROU"]
[SourceTitle "playchess.com"]
[Source "ChessBase"]
[SourceQuality "1"]
[TimeControl "40/5400+30:1800+30"]

1. e4 c5 2. c3 Nf6 3. e5 Nd5 4. Nf3 e6 5. Bc4 d6 $11 {[%emt 0:04:01] LiveBook: 556 Games} 6. d4 cxd4 7. cxd4 Be7 8. O-O O-O 9. Qe2 Bd7 10. Re1 Bc6 11. Nc3 Nxc3 12. bxc3 Nd7 13. Bf4 dxe5 14. dxe5 Nb6 15. Bd3 Qc7 16. Nd4 Bd5 17. Rac1 Bc4 18. Red1 a6 19. Qh5 g6 20. Qe2 Rfd8 21. Bxc4 Nxc4 22. Nf3 b5 23. Rd4 Bc5 24. Rdd1 Be7 25. Rd4 Bc5 26. Rdd1 Be7 27. Qc2 Rxd1+ 28. Rxd1 Rd8 29. Rd4 Bc5 30. Rd3 Qb6 31. Bg3 Be7 32. h3 Qc7 33. Kh2 Nb6 34. Nd4 Bc5 35. Nf3 Be7 36. Nd4 Qc4 37. Rd2 Nd5 38. Ne2 Rc8 39. Rd4 Qc6 40. a4 Bc5 41. Re4 Bb6 42. axb5 axb5 43. Qb1 Qc5 44. f3 Nxc3 45. Nxc3 Qxc3 46. Qxb5 Qc5 1/2-1/2

[Event "EYCC 2017"]
[Site "Mamaia"]
[Date "2017.09.07"]
[Round "3"]
[White "Hajiyeva, Laman"]
[Black "Berdnyk, Mariia"]
[Result "0-1"]
[ECO "E12"]
[WhiteElo "1818"]
[BlackElo "2055"]
[Annotator "NA"]
[PlyCount "154"]
[EventDate "2017.??.??"]
[EventType "swiss"]
[EventCountry "ROU"]
[SourceTitle "playchess.com"]
[Source "ChessBase"]
[SourceQuality "1"]
[TimeControl "40/5400+30:1800+30"]

1. d4 Nf6 2. c4 e6 3. Nf3 b6 4. a3 Ba6 5. Qc2 Bb7 6. Nc3 c5 7. e4 cxd4 8. Nxd4 Bc5 9. Nb3 Nc6 10. Bg5 h6 11. Bh4 Nd4 12. Nxd4 Bxd4 13. Bd3 Be5 14. Bg3 Qc7 15. O-O-O O-O 16. Kb1 Rfd8 17. Rhe1 Bxg3 18. hxg3 d6 19. Nb5 Qc5 20. b4 Qc8 21. f4 a5 22. e5 dxe5 23. fxe5 Ne8 24. bxa5 Rxa5 25. g4 Bc6 26. g5 Bxb5 27. cxb5 Qxc2+ 28. Kxc2 Rc8+ 29. Kb3 Rca8 30. Ra1 hxg5 31. Rec1 Rd8 32. Bf1 Ra7 33. Rc6 Rb7 34. Rac1 Kf8 35. a4 Ke7 36. a5 bxa5 37. Ka4 Ra8 38. b6 Rd7 39. R1c5 Rd4+ 40. Ka3 Rb4 41. Rb5 Kd7 42. Rxa5 Rb8 43. Kxb4 Kxc6 44. Rc5+ Kxb6 45. Rb5+ Kc7 46. Rxb8 Kxb8 47. Kc5 Kc7 48. Be2 Kd7 49. Bh5 Ke7 50. Be2 Nc7 51. Bc4 f6 52. Kd4 Kd7 53. g4 Kc6 54. Ke4 Nd5 55. Kd4 Nf4 56. Ke4 Kd7 57. Bb5+ Ke7 58. Bc4 Ng6 59. exf6+ gxf6 60. Be2 Ne5 61. Kd4 Kd6 62. Ke4 Kc5 63. Bd1 Nc4 64. Be2 Nd6+ 65. Kf3 Kd4 66. Bd1 Nc4 67. Bc2 Ne5+ 68. Kg3 Nd3 69. Bd1 Ke3 70. Bf3 Nc5 71. Bd1 Ne4+ 72. Kg2 Kf4 73. Be2 e5 74. Bf3 Nc3 75. Kf2 e4 76. Bg2 Nd1+ 77. Ke2 Ne3 0-1

[Event "EYCC 2017"]
[Site "Mamaia"]
[Date "2017.09.07"]
[Round "3"]
[White "Kostecka, Marika"]
[Black "Shafigullina, Zarina"]
[Result "1-0"]
[ECO "B28"]
[WhiteElo "1811"]
[BlackElo "2130"]
[Annotator "NA"]
[PlyCount "59"]
[EventDate "2017.??.??"]
[EventType "swiss"]
[EventCountry "ROU"]
[SourceTitle "playchess.com"]
[Source "ChessBase"]
[SourceQuality "1"]
[TimeControl "40/5400+30:1800+30"]

1. e4 c5 2. Nf3 a6 3. c4 e6 4. Nc3 Qc7 5. Be2 Nc6 6. d4 cxd4 7. Nxd4 Nf6 8. a3 Bc5 9. Nc2 Bd6 10. g3 Be5 11. Bd2 O-O 12. Bd3 Na5 13. f4 Bxc3 14. Bxc3 Nxc4 15. Bxf6 gxf6 16. Qg4+ Kh8 17. Qh4 Kg7 18. e5 f5 19. Qf6+ Kg8 20. g4 Nxb2 21. Rg1 Qc3+ 22. Ke2 Qxd3+ 23. Kf2 Qxc2+ 24. Kg3 h6 25. g5 h5 26. g6 Qe2 27. Kh4 Qxh2+ 28. Kg5 Nd3 29. gxf7+ Rxf7 30. Kh6+ 1-0

[Event "EYCC 2017"]
[Site "Mamaia"]
[Date "2017.09.07"]
[Round "3"]
[White "Kvendseth, Thyra"]
[Black "Raccanello, Marianna"]
[Result "0-1"]
[ECO "D11"]
[WhiteElo "1810"]
[BlackElo "1906"]
[Annotator "NA"]
[PlyCount "128"]
[EventDate "2017.??.??"]
[EventType "swiss"]
[EventCountry "ROU"]
[SourceTitle "playchess.com"]
[Source "ChessBase"]
[SourceQuality "1"]
[TimeControl "40/5400+30:1800+30"]

1. d4 d5 2. c4 c6 3. Nf3 Nf6 4. e3 e6 5. b3 Nbd7 6. Bd3 Bd6 7. Bb2 O-O 8. O-O Qe7 9. Ne5 c5 10. f4 b6 11. Nd2 Bb7 12. Qc2 Rfd8 13. Ndf3 Ne4 14. Nxd7 Rxd7 15. Qe2 cxd4 16. Nxd4 Bc5 17. cxd5 Bxd5 18. Rad1 Rc8 19. Nf3 Bb4 20. Rc1 Rdc7 21. Rxc7 Qxc7 22. Bxe4 Bxe4 23. Nd4 Qb7 24. Rd1 h6 25. a3 Be7 26. Rd2 Qd5 27. b4 Rd8 28. Bc3 Bf6 29. Qa6 Qa8 30. Qb5 Qc8 31. Bb2 Rd5 32. Qe2 Qd7 33. Qf2 b5 34. Qe2 a6 35. Qg4 Kh7 36. Qe2 Qd6 37. Qf2 Qd7 38. h3 Qd6 39. Qe2 Kh8 40. Qf2 Kh7 41. Rd1 Qd8 42. Bc3 Bh4 43. g3 Bf6 44. Rc1 Rd7 45. Rd1 Qc8 46. Bb2 Rc7 47. Qd2 e5 48. fxe5 Bxe5 49. g4 h5 50. Qe2 Kg8 51. Rd2 Rc4 52. Rd1 Qb7 53. Rd2 Qc8 54. Rd1 Qc7 55. Rd2 Qc8 56. Rd1 Qb7 57. Rd2 Qc7 58. Rd1 Bxd4 59. Rxd4 Rc2 60. Rd2 Qg3+ 61. Kf1 Qxh3+ 62. Ke1 Qh1+ 63. Kf2 Qg2+ 64. Ke1 Qg1+ 0-1

[Event "EYCC 2017"]
[Site "Mamaia"]
[Date "2017.09.07"]
[Round "3"]
[White "Toncheva, Nadya"]
[Black "Goraj, Barbara"]
[Result "1-0"]
[ECO "E73"]
[WhiteElo "1802"]
[BlackElo "1711"]
[Annotator "NA"]
[PlyCount "93"]
[EventDate "2017.??.??"]
[EventType "swiss"]
[EventCountry "ROU"]
[SourceTitle "playchess.com"]
[Source "ChessBase"]
[SourceQuality "1"]
[TimeControl "40/5400+30:1800+30"]

1. d4 Nf6 2. c4 g6 3. Nc3 Bg7 4. e4 d6 5. Be2 O-O 6. Bg5 c5 7. d5 h6 8. Be3 e6 9. Qd2 exd5 10. exd5 Kh7 11. h4 Re8 12. Kf1 Ng4 13. Bf4 a6 14. Bxg4 Bxg4 15. f3 Bc8 16. Ne4 Bf8 17. Bg5 Be7 18. Bxh6 Bf5 19. Ng5+ Bxg5 20. Bxg5 f6 21. g4 Bxg4 22. fxg4 fxg5 23. hxg5+ Kg8 24. Qc3 Re5 25. Nf3 Nd7 26. Nxe5 Nxe5 27. Qh3 Qf8+ 28. Kg2 Qg7 29. b3 b5 30. Qe3 Rf8 31. Raf1 bxc4 32. Rxf8+ Qxf8 33. bxc4 Qb8 34. Rf1 Qc8 35. Qe4 Qd7 36. Rf6 Kg7 37. Re6 Qa4 38. Qe2 Qd7 39. Qf2 Nxg4 40. Qh4 Ne5 41. Qh6+ Kg8 42. Rxg6+ Nxg6 43. Qxg6+ Kh8 44. Qh6+ Kg8 45. Qe6+ Qxe6 46. dxe6 Kf8 47. g6 1-0

[Event "EYCC 2017"]
[Site "Mamaia"]
[Date "2017.09.07"]
[Round "3"]
[White "Mkrtchyan, Mariam"]
[Black "Garifullina, Leya"]
[Result "1/2-1/2"]
[ECO "D02"]
[WhiteElo "1794"]
[BlackElo "1970"]
[Annotator "NA"]
[PlyCount "116"]
[EventDate "2017.??.??"]
[EventType "swiss"]
[EventCountry "ROU"]
[SourceTitle "playchess.com"]
[Source "ChessBase"]
[SourceQuality "1"]
[TimeControl "40/5400+30:1800+30"]

1. d4 d5 2. Nf3 Nf6 3. c4 c6 4. Qc2 g6 5. Bf4 dxc4 6. Qxc4 Be6 7. Qc1 Bg7 8. Bh6 O-O 9. Bxg7 Kxg7 10. Nc3 Bg4 11. e3 Nbd7 12. Be2 Bxf3 13. Bxf3 e5 14. Qd2 exd4 15. Qxd4 Qb6 16. Qxb6 axb6 17. O-O b5 18. Rfd1 Nc5 19. Ne2 Rfd8 20. Rxd8 Rxd8 21. Nd4 Ra8 22. Be2 Nd5 23. Rc1 Na4 24. Rb1 Kf6 25. a3 Nc5 26. Rc1 Ne6 27. Nc2 Nb6 28. Nb4 Rd8 29. Rc2 Nd5 30. Nd3 Ndc7 31. Kf1 Na6 32. Nc1 h5 33. h4 Nac5 34. Ke1 Ke7 35. Bf1 Ne4 36. Be2 Nd6 37. Bf1 c5 38. Nd3 c4 39. Nb4 Ne4 40. Be2 N4c5 41. Bf3 Nc7 42. Ke2 Nd3 43. b3 Ne5 44. Bxb7 Rb8 45. Be4 f5 46. Bf3 Kd6 47. Rd2+ Ke6 48. bxc4 bxc4 49. Nd5 Nb5 50. a4 Nd6 51. Nc7+ Ke7 52. Nd5+ Ke6 53. Nc7+ Ke7 54. Bd5 Rb1 55. Rd1 Rb2+ 56. Rd2 Rb1 57. Rd1 Rb2+ 58. Rd2 Rb1 1/2-1/2

[Event "EYCC 2017"]
[Site "Mamaia"]
[Date "2017.09.07"]
[Round "3"]
[White "Samunenkov, Igor"]
[Black "Bartodziej, Bartosz"]
[Result "1-0"]
[ECO "A48"]
[WhiteElo "1794"]
[BlackElo "1402"]
[Annotator "NA"]
[PlyCount "105"]
[EventDate "2017.??.??"]
[EventType "swiss"]
[EventCountry "ROU"]
[SourceTitle "playchess.com"]
[Source "ChessBase"]
[SourceQuality "1"]
[TimeControl "40/5400+30:1800+30"]

1. d4 Nf6 2. Bf4 g6 3. Nf3 Bg7 4. Nc3 O-O 5. Qd2 d5 6. Bh6 Nbd7 7. h4 Nb6 8. h5 Nc4 9. Qg5 Bxh6 10. Qxh6 Ng4 11. Qg5 e5 12. Qxd8 Rxd8 13. dxe5 Ncxe5 14. Nxe5 Nxe5 15. O-O-O Be6 16. e3 c6 17. Be2 Bf5 18. Rd4 Nd7 19. e4 dxe4 20. Rhd1 Rac8 21. g4 Be6 22. Nxe4 Kg7 23. Nc5 Rc7 24. hxg6 hxg6 25. Nxe6+ fxe6 26. Rd6 e5 27. Bc4 Kf8 28. Rxg6 a6 29. Rgd6 Ke7 30. g5 Rcc8 31. g6 Nf6 32. Rxd8 Rxd8 33. Rxd8 Kxd8 34. g7 Ke7 35. g8=Q Nxg8 36. Bxg8 Kf6 37. Kd2 Kf5 38. Ke3 c5 39. Bh7+ Ke6 40. Ke4 b6 41. Bf5+ Kd6 42. Bc8 a5 43. c4 a4 44. a3 b5 45. cxb5 c4 46. b6 c3 47. bxc3 Kc6 48. b7 Kc7 49. Kxe5 Kb8 50. Kd6 Ka7 51. Kc7 Ka6 52. b8=Q+ Ka5 53. Qb6# 1-0

[Event "EYCC 2017"]
[Site "Mamaia"]
[Date "2017.09.07"]
[Round "3"]
[White "Zvereva, Margarita"]
[Black "Sovina, Maria"]
[Result "1-0"]
[ECO "B47"]
[WhiteElo "1790"]
[BlackElo "1675"]
[Annotator "NA"]
[PlyCount "81"]
[EventDate "2017.??.??"]
[EventType "swiss"]
[EventCountry "ROU"]
[SourceTitle "playchess.com"]
[Source "ChessBase"]
[SourceQuality "1"]
[TimeControl "40/5400+30:1800+30"]

1. e4 c5 2. Nf3 Nc6 3. d4 cxd4 4. Nxd4 Qc7 5. Nc3 e6 6. Be2 a6 7. a4 Nf6 8. O-O Bb4 9. Bf3 Ne5 10. Nb1 Nxf3+ 11. Nxf3 b6 12. e5 Nd5 13. c3 Be7 14. Nbd2 Bb7 15. Ne4 Rc8 16. Bg5 Bxg5 17. Nd6+ Kf8 18. Nxc8 Bxc8 19. Nxg5 Qxe5 20. Nf3 Qf4 21. c4 Nf6 22. Qd4 Qxd4 23. Nxd4 Bb7 24. f3 Ke7 25. Rac1 Rc8 26. Rfe1 g6 27. Nb3 d6 28. a5 Rc6 29. Nd4 Rc8 30. axb6 Nd7 31. Re3 d5 32. c5 Nxc5 33. Rec3 e5 34. Rxc5 Rxc5 35. Rxc5 Kd6 36. Rc7 exd4 37. Rxb7 Kc6 38. Rb8 d3 39. Kf2 d2 40. Ke2 Kd6 41. Rc8 1-0